 Dungeon Crawl Stone Soup version 0.20.0-8-g6b59dc7 (webtiles) character file.

74 Gorglomux the Ruffian (level 4, -2/40 HPs)
             Began as a Troll Arcane Marksman on May 31, 2017.
             Slain by a gnoll
             ... wielding a +0 halberd
              (13 damage)
             ... on level 2 of the Dungeon.
             The game lasted 00:01:04 (1259 turns).

Gorglomux the Ruffian (Troll Arcane Marksman)       Turns: 1259, Time: 00:01:04

Health: -2/40      AC:  5    Str: 18    XL:     4   Next: 9%
Magic:  4/4        EV: 10    Int:  9    God:
Gold:   98         SH:  0    Dex: 11    Spells: 4/5 levels left

rFire    . . .     SeeInvis .     - Unarmed
rCold    . . .     Gourm    +   (no shield)
rNeg     . . .     Faith    .   a - +0 robe
rPois    .         Spirit   .   (helmet restricted)
rElec    .         Reflect  .   (no cloak)
rCorr    .         Harm     .   (gloves unavailable)
MR       .....                  (boots unavailable)
Stlth    +.........             (no amulet)
Regen    0.6/turn               (no ring)
MPRegen  0.1/turn               (no ring)

@: no status effects
A: unfitting armour, claws 3, fast metabolism 3, gourmand, regeneration 1,
shaggy fur 1, tough skin 2
a: no special abilities


You were on level 2 of the Dungeon.
You were completely stuffed.

You visited 1 branch of the dungeon, and saw 2 of its levels.

You collected 98 gold pieces.

Inventory:

Missiles
 c - 4 large rocks (quivered)
 Z - 2 throwing nets
Armour
 a - a +0 robe (worn)
Scrolls
 S - a scroll of recharging {unknown}
 U - a scroll of amnesia {unknown}
 V - a scroll of remove curse {unknown}
 W - a scroll of teleportation {unknown}
 Y - 2 scrolls of identify {unknown}
Potions
 T - a potion of mutation {unknown}
Books
 b - a book of Debilitation

   Spells                             Type                      Level
   a - Corona                         Hexes                        1
   b - Slow                           Hexes                        2
   c - Inner Flame                    Hexes/Fire                   3
   d - Portal Projectile              Hexes/Translocation          3
   e - Cause Fear                     Hexes                        4
   f - Leda's Liquefaction            Hexes/Earth                  4
Comestibles
 f - 4 bread rations
 z - 4 meat rations
 X - 3 chunks of flesh


   Skills:
 - Level 0.7 Fighting
 - Level 1.7 Throwing
 - Level 1.5 Dodging
 + Level 3.7 Unarmed Combat
 - Level 1.0 Spellcasting
 - Level 2.0 Hexes


You had 4 spell levels left.
You knew the following spells:

 Your Spells              Type           Power        Failure   Level  Hunger
a - Corona                Hex            #......      16%         1    ##.....


Dungeon Overview and Level Annotations

Branches:
Dungeon (2/15)

Altars:


Innate Abilities, Weirdness & Mutations

You are too large for most types of armour.
You have claws for hands.
Your metabolism is lightning-fast.
You like to eat raw meat.
Your natural rate of healing is unusually fast.
You are covered in fur. (AC +1)
You have very tough skin. (AC +2)


Message History

You barely miss the gnoll. The gnoll closely misses you.
The gnoll hits you with a flail.
You closely miss the gnoll. The gnoll closely misses you. x2
You scratch the gnoll.
The gnoll is heavily wounded.
You scratch the gnoll.
The gnoll is heavily wounded.
The gnoll hits you from afar with a halberd.
The gnoll hits you with a flail.
Unknown command.
There are monsters nearby!
You closely miss the gnoll. Your claw misses the gnoll.
The gnoll is heavily wounded.
The gnoll barely misses you. The gnoll hits you with a flail!
You closely miss the gnoll.
The gnoll is heavily wounded.
The gnoll hits you with a flail.
* * * LOW HITPOINT WARNING * * *
The gnoll hits you from afar with a halberd!
You die...

#.# .........
###.####......#
#.............#
########.....###
#........
##########†.......
#.................
#[#.....#..#......
#@#.....#..#......
#g##...##.###.....
#gg#...#..# #.....
#gg##.##.## ##...+
#...#.#.. ..#.
#...###.# #.#.
#.... #....#


You could see 4 gnolls and a hobgoblin.

Vanquished Creatures
  3 adders (D:2)
  A dart slug (D:1)
  2 leopard geckos (D:1)
  A ball python (D:1)
  2 bats (D:2)
  2 giant cockroaches
  9 goblins
  2 hobgoblins (D:2)
  2 jackals (D:1)
  8 kobolds
  4 frilled lizards
  4 rats (D:1)
40 creatures vanquished.

Notes
Turn   | Place    | Note
-------+----------+-------------------------------------------
     0 | D:1      | Gorglomux the Troll Arcane Marksman began the quest for the Orb.
     0 | D:1      | Reached XP level 1. HP: 18/18 MP: 1/1
    15 | D:1      | Reached skill level 1 in Unarmed Combat
   164 | D:1      | Reached XP level 2. HP: 26/26 MP: 2/2
   174 | D:1      | Reached skill level 2 in Unarmed Combat
   621 | D:1      | Reached XP level 3. HP: 32/32 MP: 3/3
   705 | D:2      | Reached skill level 3 in Unarmed Combat
  1222 | D:2      | Reached XP level 4. HP: 26/40 MP: 4/4
  1259 | D:2      | Slain by a gnoll

Skill      XL: |  1  2  3 |
---------------+----------+-----
Unarmed Combat | 1 2 3 |  3.7
Fighting       | |  0.7
Throwing       | |  1.7
Dodging        | |  1.5
Spellcasting   | |  1.0
Hexes          | |  2.0

Action                   |  1- 3 |  4- 6 || total
-------------------------+-------+-------++-------
Melee: Unarmed           |    96 |    12 ||   108
       Punch             |     1 |       ||     1
  Eat: Chunk             |    17 |       ||    17
Armor: Robe              |    39 |     3 ||    42
Dodge: Dodged            |    49 |    14 ||    63
